AoeStats
← BouncyBear

Arabia

509498765Analyzed
1v1 RM · 5d ago on Sep 27, 2026· 54m 51s· 2 players
Game mode
Random Map
Map size
Tiny (2 player)
Population
200
Speed
Normal
Resources
Standard
Victory
Conquest
Starting age
Dark Age
Ending age
Imperial Age
RankedLock teamsTeams togetherTeam positionsShared explorationLock speedFull tech treeHidden civsTurbo modeCheats
Victory
Defeat
🇫🇷 Saxons · France
1483
+14
🇩🇰 Malians · Denmark
1430
-14
BouncyBear
5:58 Loom
7:04 Loom
9:11 Feudal Age
10:09 Man-at-Arms
15:05 Double-Bit Axe
17:25 Horse Collar
20:05 Castle Age
18:23 Gold Mining
20:30 Wheelbarrow
21:03 Bow Saw
21:40 Bloodlines
21:52 Heavy Plow
26:48 Hand Cart
28:15 Stone Mining
33:08 Gold Shaft Mining
36:57 Imperial Age
34:14 Town Watch
34:43 Husbandry
36:24 Stone Shaft Mining
36:26 Scale Barding Armor
37:35 Ballistics
37:41 Chain Barding Armor
38:09 Conscription
37:53 Farimba
37:17 Cavalier
40:25 Plate Barding Armor
41:29 Forging
43:10 Masonry
43:45 Iron Casting
46:40 Guilds
48:00 Light Cavalry
48:39 Fletching
49:00 Long Swordsman
49:40 Squires
49:46 Two-Handed Swordsman
50:12 Arson
51:07 Scale Mail Armor
51:09 Bodkin Arrow
50:52 Champion
52:56 Chain Mail Armor
54:32 Plate Mail Armor
HarryMac_Roldi
5:43 Loom
8:38 Feudal Age
9:05 Man-at-Arms
12:16 Double-Bit Axe
14:13 Horse Collar
19:18 Castle Age
17:42 Fletching
18:07 Gold Mining
19:41 Padded Archer Armor
20:26 Wheelbarrow
20:07 Bodkin Arrow
20:15 Crossbowman
26:00 Scale Barding Armor
25:35 Light Cavalry
27:44 Bloodlines
28:14 Chain Barding Armor
28:31 Bow Saw
29:47 Ballistics
36:01 Imperial Age
33:49 Thumb Ring
35:07 Forging
35:13 Leather Archer Armor
36:43 Hand Cart
37:46 Chemistry
37:16 Bracer
37:27 Arbalester
39:53 Scale Mail Armor
39:46 Pikeman
41:11 Ring Archer Armor
40:35 Halberdier
41:54 Chain Mail Armor
42:04 Long Swordsman
44:09 Iron Casting
45:02 Squires
45:33 Plate Mail Armor
53:40 Arson
53:41 Gambesons
Connection lost

Rejoining the realm…

Still unreachable

The connection could not be restored.

Session expired

The server has moved on; the page needs a fresh start.